WCHLSIM.com - West Coast Hockey League
Dernière mise à jour: 2025-12-07 16:11:59
html PUBLIC "-//W3C//DTD XHTML 1.0 Transitional//EN" "http://www.w3.org/TR/xhtml1/DTD/xhtml1-transitional.dtd"> WCHL - Game 572 - REGINA FALCONS vs VICTORIA GLADIATORS

REGINA FALCONS vs VICTORIA GLADIATORS

Created - 6 janvier 2025 at 14:22

Goals
1 2 3 T
REGINA FALCONS 1 0 1 2
VICTORIA GLADIATORS 1 3 0 4
Shots
1 2 3 T
REGINA FALCONS 3 6 6 15
VICTORIA GLADIATORS 12 17 11 40

1st period

1. VICTORIA GLADIATORS , Matt Duchene 10 (Mikael Granlund 23) at 4:02
2. REGINA FALCONS , Rickard Rakell 11 (William Eklund 13) at 6:58 (PP)

Penalties :
Nick Seeler (VIC) for Hooking (Minor) at 5:13, Nick Seeler (VIC) for Hooking (Minor) at 9:07, Max Jones (REG) for Elbowing (Minor) at 16:35, Ryker Evans (REG) for Delaying the game (Minor) at 19:19

2nd period

3. VICTORIA GLADIATORS , Justin Faulk 2 (Matt Duchene 18) at 1:06 (PP)
4. VICTORIA GLADIATORS , Mikael Granlund 11 (Matt Duchene 19) at 2:36
5. VICTORIA GLADIATORS , Niko Mikkola 1 (Mikael Granlund 24, Artemi Panarin 18) at 17:56

Penalties :
Max Jones (REG) for Hooking (Minor) at 4:03, Conor Garland (VIC) for Slashing (Minor) at 10:16, Logan Stanley (REG) for Hooking (Minor) at 10:16, Matt Duchene (VIC) for Hooking (Minor) at 16:33, Ryker Evans (REG) for Holding (Minor) at 16:33

3rd period

6. REGINA FALCONS , Rickard Rakell 12 (William Eklund 14, Ryker Evans 2) at 2:43

Penalties :
Nick Seeler (VIC) for Tripping (Minor) at 4:17

Goalie Stats

Chris Driedger (REG), 36 saves from 40 shots - (0,900), L, 8-23-3, 60:00 minutes
Jake Oettinger (VIC), 13 saves from 15 shots - (0,867), W, 21-7-4, 60:00 minutes

Players Stats for REGINA FALCONS

Player Name              G  A  P  +/- PIM S  H  SB GA TA FO     MP     PP MP  PK MP  
------------------------------------------------------------------------------------
Adam Fantilli            0  0  0  -2  0   1  3  0  0  0  7/29   20:27   2:45   3:04 
Alex Iafallo             0  0  0  -1  0   1  2  0  0  0  0/0    16:00   2:45   0:00 
Anze Kopitar             0  0  0   0  0   1  0  1  0  0  5/12   11:13   0:00   0:00 
Christian Dvorak         0  0  0  -1  0   0  0  0  0  0  3/5     4:28   0:00   0:00 
Filip Roos               0  0  0  -2  0   0  0  0  0  0  0/0    17:08   0:09   2:43 
Jakub Vrana              0  0  0   0  0   0  0  0  0  0  1/1    11:13   0:00   0:00 
Jimmy Huntington         0  0  0  -1  0   0  1  0  0  0  1/1    10:07   2:58   2:41 
Leo Carlsson             0  0  0  -1  0   4  1  0  0  0  0/2    21:16   2:45   2:41 
Logan Stanley            0  0  0  -2  2   0  1  0  0  0  0/0    16:55   2:45   0:17 
Marco Scandella          0  0  0  -1  0   0  0  0  0  0  0/0    21:57   2:49   2:45 
Max Jones                0  0  0   0  4   0  2  0  0  0  0/1    11:11   0:00   0:00 
Pierre-Olivier Joseph    0  0  0   1  0   0  3  2  0  0  0/0    22:40   2:20   2:43 
Rickard Rakell           2  0  2   1  0   5  3  0  0  0  2/8    24:15   2:58   3:04 
Ryker Evans              0  1  1   1  4   0  7  0  0  0  0/0    17:00   0:00   0:00 
Tanner Pearson           0  0  0  -1  0   0  0  0  0  0  0/0     4:28   0:00   0:00 
Teuvo Teravainen         0  0  0   1  0   0  0  0  0  0  1/1    15:38   0:00   0:00 
Torey Krug               0  0  0  -1  0   0  0  2  0  0  0/0    24:17   3:23   3:02 
William Eklund           0  2  2   0  0   3  0  0  0  0  9/31   19:59   2:58   0:00 

Players Stats for VICTORIA GLADIATORS

Player Name              G  A  P  +/- PIM S  H  SB GA TA FO     MP     PP MP  PK MP  
------------------------------------------------------------------------------------
Adam Lowry               0  0  0  -1  0   3  3  0  0  0  21/26  15:58   0:00   4:05 
Artemi Panarin           0  1  1   1  0   5  0  0  0  0  1/1    19:13   3:18   0:00 
Brandon Carlo            0  0  0   1  0   0  1  0  0  0  0/0    19:30   0:00   3:07 
Cam Fowler               0  0  0   1  0   1  1  0  0  0  0/0    25:15   3:43   2:36 
Cole Smith               0  0  0   0  0   1  1  0  0  0  0/0     2:45   0:00   0:00 
Conor Garland            0  0  0   2  2   1  3  0  0  0  1/2    17:12   2:27   0:00 
Daniel Sprong            0  0  0   0  0   1  0  0  0  0  0/0     5:12   2:27   0:00 
David Pastrnak           0  0  0   0  0   6  0  0  0  0  0/5    21:42   3:43   0:00 
Jake Evans               0  0  0  -1  0   3  0  0  0  0  1/1    15:58   0:00   4:05 
Jan Rutta                0  0  0   1  0   0  0  0  0  0  0/0    18:54   0:00   3:07 
Jordan Martinook         0  0  0  -1  0   0  2  0  0  0  0/2    13:31   0:00   1:38 
Justin Faulk             1  0  1   1  0   3  2  2  0  0  0/0    20:58   2:02   0:00 
Mark Scheifele           0  0  0   0  0   6  2  1  0  0  24/29  21:17   3:18   0:00 
Mason Appleton           0  0  0   0  0   0  0  0  0  0  3/6     4:23   0:00   1:38 
Matt Duchene             1  2  3   2  2   3  2  0  0  0  11/19  17:36   2:27   0:00 
Mikael Granlund          1  2  3   3  0   3  1  0  0  0  0/0    19:13   3:18   0:00 
Nick Seeler              0  0  0   0  6   2  2  0  0  0  0/0    13:46   0:00   0:00 
Niko Mikkola             1  0  1   0  0   2  0  0  0  0  0/0    17:51   2:02   2:36 

3 Stars

1 - Mikael Granlund (VIC)
2 - Matt Duchene (VIC)
3 - Rickard Rakell (REG)

Power Play

REGINA FALCONS - 1 on 3 Attempt(s) - 33,33%
VICTORIA GLADIATORS - 1 on 3 Attempt(s) - 33,33%

Penalty Kill

REGINA FALCONS - 2 on 3 Attempt(s) - 66,67% - Score 0 goal in Penalty Kill
VICTORIA GLADIATORS - 2 on 3 Attempt(s) - 66,67% - Score 0 goal in Penalty Kill

Team Stat

REGINA FALCONS - Hits : 23 - Faceoff Wins : 29 - Blocked Shots : 5 - Penalty Minutes : 10
VICTORIA GLADIATORS - Hits : 20 - Faceoff Wins : 62 - Blocked Shots : 3 - Penalty Minutes : 10

Official

Referees : Francois St-Laurent and Marc Joannette
Linesman : Scott Cherrey and Jake Davis

Game Notes

No Game Note

Finance

Level 1 -- Attendance: 4796 (76,13%) -- Ticket Income 815 320 $
Level 2 -- Attendance: 4237 (79,94%) -- Ticket Income 550 810 $
Level 3 -- Attendance: 2200 (100,00%) -- Ticket Income 198 000 $
Level 4 -- Attendance: 3776 (89,90%) -- Ticket Income 264 320 $
Luxury Box -- Attendance: 899 (89,90%) -- Ticket Income 269 700 $
Game was played at the Verizon Center.
Total Attendance: 15908 (83,73%)
Total Ticket Income: 2 098 150 $
Other Expense: 20 982 $
Total Income: 2 077 168 $

REGINA FALCONS

5 vs 5 Forward 
   Center                   Left Wing                Right Wing               Time % Phy DF OF 
 1 William Eklund           Teuvo Teravainen         Rickard Rakell           36     1   2  2  
 2 Adam Fantilli            Alex Iafallo             Leo Carlsson             31     1   2  2  
 3 Anze Kopitar             Jakub Vrana              Max Jones                23     1   2  2  
 4 Christian Dvorak         Tanner Pearson           Jimmy Huntington         10     1   2  2  

5 vs 5 Defense 
   Defense                  Defense                                           Time % Phy DF OF 
 1 Torey Krug               Marco Scandella                                   36     1   2  2  
 2 Pierre-Olivier Joseph    Ryker Evans                                       31     1   2  2  
 3 Logan Stanley            Filip Roos                                        23     1   2  2  
 4 Torey Krug               Marco Scandella                                   10     1   2  2  

PowerPlay Forward 
   Center                   Left Wing                Right Wing               Time % Phy DF OF 
 1 William Eklund           Jimmy Huntington         Rickard Rakell           55     1   2  2  
 2 Adam Fantilli            Alex Iafallo             Leo Carlsson             45     1   2  2  

PowerPlay Defense
   Defense                  Defense                                           Time % Phy DF OF 
 1 Torey Krug               Marco Scandella                                   55     1   2  2  
 2 Pierre-Olivier Joseph    Logan Stanley                                     45     1   2  2  

Penalty Kill 4 Players Forward 
   Center                   Wing                     Time % Phy DF OF 
 1 Adam Fantilli            Rickard Rakell           55     1   2  2  
 2 Jimmy Huntington         Leo Carlsson             45     1   2  2  

Penalty Kill 4 Players Defense
   Defense                  Defense                  Time % Phy DF OF 
 1 Torey Krug               Marco Scandella          55     1   2  2  
 2 Pierre-Olivier Joseph    Filip Roos               45     1   2  2  

Penalty Kill - 3 Players Forward 
   Forward                                           Time % Phy DF OF 
 1 Leo Carlsson                                      55     1   2  2  
 2 Jimmy Huntington                                  45     1   2  2  

Penalty Kill - 3 Players Defense
   Defense                  Defense                  Time % Phy DF OF 
 1 Torey Krug               Marco Scandella          55     1   2  2  
 2 Pierre-Olivier Joseph    Filip Roos               45     1   2  2  

4 vs 4 Forward 
   Center                   Wing                     Time % Phy DF OF 
 1 Rickard Rakell           Leo Carlsson             55     1   2  2  
 2 Adam Fantilli            William Eklund           45     1   2  2  

4 vs 4 Defense
   Defense                  Defense                  Time % Phy DF OF 
 1 Torey Krug               Marco Scandella          55     1   2  2  
 2 Pierre-Olivier Joseph    Logan Stanley            45     1   2  2  

Last Minutes Offensive
   Center                   Left Wing                Right Wing               Defense                  Defense                  
   William Eklund           Teuvo Teravainen         Rickard Rakell           Torey Krug               Marco Scandella          

Last Minutes Defensive
   Center                   Left Wing                Right Wing               Defense                  Defense                  
   William Eklund           Teuvo Teravainen         Rickard Rakell           Torey Krug               Marco Scandella          

Goaltenders
Starting : Chris Driedger           
Backup : Troy Grosenick           

Extra Forwards
Normal : Jimmy Huntington, William Eklund, Adam Fantilli - PP : Jimmy Huntington, Adam Fantilli - PK : Adam Fantilli
Extra Defensemen
Normal : Logan Stanley, Filip Roos, Pierre-Olivier Joseph - PP : Logan Stanley - PK : Filip Roos, Pierre-Olivier Joseph
Penalty Shots
Anze Kopitar, Adam Fantilli, Rickard Rakell, William Eklund, Leo Carlsson
Custom OT Lines Forwards
William Eklund, Teuvo Teravainen, Rickard Rakell, Adam Fantilli, Leo Carlsson, Alex Iafallo, Jimmy Huntington, Anze Kopitar, Tanner Pearson, Christian Dvorak
Custom OT Lines Defensemen
Torey Krug, Marco Scandella, Pierre-Olivier Joseph, Ryker Evans, Logan Stanley

Scratches
Andre Burakovsky (Strained Back Injury)

VICTORIA GLADIATORS

5 vs 5 Forward 
   Center                   Left Wing                Right Wing               Time % Phy DF OF 
 1 Mark Scheifele           Artemi Panarin           David Pastrnak           36     1   2  2  
 2 Matt Duchene             Conor Garland            Mikael Granlund          34     1   2  2  
 3 Adam Lowry               Jordan Martinook         Jake Evans               24     0   4  1  
 4 Mason Appleton           Cole Smith               Daniel Sprong            6      1   4  0  

5 vs 5 Defense 
   Defense                  Defense                                           Time % Phy DF OF 
 1 Cam Fowler               Justin Faulk                                      40     1   2  2  
 2 Brandon Carlo            Jan Rutta                                         35     1   2  2  
 3 Niko Mikkola             Nick Seeler                                       25     1   2  2  
 4 Brandon Carlo            Nick Seeler                                       0      1   2  2  

PowerPlay Forward 
   Center                   Left Wing                Right Wing               Time % Phy DF OF 
 1 Mark Scheifele           Artemi Panarin           Mikael Granlund          60     1   2  2  
 2 Matt Duchene             Daniel Sprong            Conor Garland            40     1   2  2  

PowerPlay Defense
   Defense                  Defense                                           Time % Phy DF OF 
 1 Cam Fowler               David Pastrnak                                    60     1   2  2  
 2 Niko Mikkola             Justin Faulk                                      40     1   2  2  

Penalty Kill 4 Players Forward 
   Center                   Wing                     Time % Phy DF OF 
 1 Adam Lowry               Jake Evans               60     1   2  2  
 2 Jordan Martinook         Mason Appleton           40     1   2  2  

Penalty Kill 4 Players Defense
   Defense                  Defense                  Time % Phy DF OF 
 1 Brandon Carlo            Jan Rutta                60     1   2  2  
 2 Niko Mikkola             Nick Seeler              40     1   2  2  

Penalty Kill - 3 Players Forward 
   Forward                                           Time % Phy DF OF 
 1 Adam Lowry                                        55     0   5  0  
 2 Jake Evans                                        45     0   5  0  

Penalty Kill - 3 Players Defense
   Defense                  Defense                  Time % Phy DF OF 
 1 Brandon Carlo            Jan Rutta                55     0   5  0  
 2 Cam Fowler               Justin Faulk             45     0   5  0  

4 vs 4 Forward 
   Center                   Wing                     Time % Phy DF OF 
 1 Mark Scheifele           David Pastrnak           55     1   2  2  
 2 Matt Duchene             Mikael Granlund          45     1   2  2  

4 vs 4 Defense
   Defense                  Defense                  Time % Phy DF OF 
 1 Niko Mikkola             Nick Seeler              55     1   2  2  
 2 Cam Fowler               Justin Faulk             45     1   2  2  

Last Minutes Offensive
   Center                   Left Wing                Right Wing               Defense                  Defense                  
   Mark Scheifele           Artemi Panarin           David Pastrnak           Cam Fowler               Justin Faulk             

Last Minutes Defensive
   Center                   Left Wing                Right Wing               Defense                  Defense                  
   Adam Lowry               Jordan Martinook         Jake Evans               Brandon Carlo            Jan Rutta                

Goaltenders
Starting : Jake Oettinger           
Backup : Charlie Lindgren         

Extra Forwards
Normal : Artemi Panarin, Mikael Granlund, Conor Garland - PP : Adam Lowry, Mason Appleton - PK : Jake Evans
Extra Defensemen
Normal : Niko Mikkola, Nick Seeler, Jan Rutta - PP : Niko Mikkola - PK : Cam Fowler, Brandon Carlo
Penalty Shots
Mikael Granlund, David Pastrnak, Artemi Panarin, Mark Scheifele, Matt Duchene
Custom OT Lines Forwards
Mikael Granlund, David Pastrnak, Artemi Panarin, Mark Scheifele, Matt Duchene, Adam Lowry, Jordan Martinook, Jake Evans, Mason Appleton, Conor Garland
Custom OT Lines Defensemen
Cam Fowler, Justin Faulk, Brandon Carlo, Jan Rutta, Niko Mikkola

Scratches
None


% Time on Ice - REGINA FALCONS

Lines # - Real PCT - Wanted PCT - Time Play
Normal Forward
1 - 35% - 36% - 15:38
2 - 30% - 31% - 13:15
3 - 25% - 23% - 11:13
4 - 10% - 10% - 4:28
Normal Defense
1 - 34% - 36% - 14:57
2 - 38% - 31% - 17:02
3 - 25% - 23% - 11:15
4 - 3% - 10% - 1:20
PP Forward
1 - 52% - 55% - 2:58
2 - 48% - 45% - 2:45
PP Defense
1 - 59% - 55% - 3:23
2 - 41% - 45% - 2:20
PK Forward
1 - 53% - 55% - 3:04
2 - 47% - 45% - 2:41
PK Defense
1 - 53% - 55% - 3:02
2 - 47% - 45% - 2:43
PK3 Forward
1 - 0% - 55%
2 - 0% - 45%
PK3 Defense
1 - 0% - 55%
2 - 0% - 45%
44 Forward
1 - 65% - 55% - 2:35
2 - 35% - 45% - 1:23
44 Defense
1 - 40% - 55% - 1:35
2 - 60% - 45% - 2:23
Last Minute Offensive  - 0:00
Last Minute Defensive  - 0:00
Total
Forward - 60:00
Defense - 60:00

% Time on Ice - VICTORIA GLADIATORS

Lines # - Real PCT - Wanted PCT - Time Play
Normal Forward
1 - 34% - 36% - 15:10
2 - 33% - 34% - 14:46
3 - 27% - 24% - 11:53
4 - 6% - 6% - 2:45
Normal Defense
1 - 38% - 40% - 17:06
2 - 35% - 35% - 15:47
3 - 25% - 25% - 11:05
4 - 1% - 0% - 0:36
PP Forward
1 - 57% - 60% - 3:18
2 - 43% - 40% - 2:27
PP Defense
1 - 65% - 60% - 3:43
2 - 35% - 40% - 2:02
PK Forward
1 - 71% - 60% - 4:05
2 - 29% - 40% - 1:38
PK Defense
1 - 55% - 60% - 3:07
2 - 45% - 40% - 2:36
PK3 Forward
1 - 0% - 55%
2 - 0% - 45%
PK3 Defense
1 - 0% - 55%
2 - 0% - 45%
44 Forward
1 - 71% - 55% - 2:49
2 - 29% - 45% - 1:09
44 Defense
1 - 54% - 55% - 2:08
2 - 46% - 45% - 1:50
Last Minute Offensive  - 0:00
Last Minute Defensive  - 0:00
Total
Forward - 60:00
Defense - 60:00

Play-by-Play

1st period


0:01 of 1st period - Mark Scheifele wins face-off versus William Eklund in neutral zone.
0:03 of 1st period - Off-side.
0:04 of 1st period - Matt Duchene wins face-off versus Leo Carlsson in neutral zone.
0:07 of 1st period - Alex Iafallo is hit by Conor Garland.
0:13 of 1st period - Icing by Adam Fantilli.
0:14 of 1st period - Adam Lowry wins face-off versus Adam Fantilli in REGINA FALCONS zone.
0:18 of 1st period - Icing by Alex Iafallo.
0:19 of 1st period - Adam Fantilli wins face-off versus David Pastrnak in REGINA FALCONS zone.
0:24 of 1st period - Off-side.
0:25 of 1st period - Mason Appleton wins face-off versus Max Jones in neutral zone.
0:54 of 1st period - Shot by Nick Seeler.
0:54 of 1st period - Stopped by Chris Driedger without a rebound.
0:55 of 1st period - Mark Scheifele wins face-off versus William Eklund in REGINA FALCONS zone.
0:58 of 1st period - Shot by Artemi Panarin.
0:58 of 1st period - Stopped by Chris Driedger with a rebound.
1:01 of 1st period - Icing by Marco Scandella.
1:02 of 1st period - Matt Duchene wins face-off versus William Eklund in REGINA FALCONS zone.
1:09 of 1st period - Torey Krug is hit by Matt Duchene and loses puck.
1:53 of 1st period - Icing by Marco Scandella.
1:54 of 1st period - Adam Lowry wins face-off versus William Eklund in REGINA FALCONS zone.
2:38 of 1st period - Adam Lowry is hit by Ryker Evans and loses puck.
2:54 of 1st period - Artemi Panarin is hit by Ryker Evans and loses puck.
3:00 of 1st period - Mark Scheifele is hit by Ryker Evans and loses puck.
3:14 of 1st period - Shot by Artemi Panarin.
3:14 of 1st period - Deflect By David Pastrnak.
3:14 of 1st period - Shot Misses the Net.
3:16 of 1st period - Shot by David Pastrnak.
3:16 of 1st period - Shot Misses the Net.
3:18 of 1st period - Shot by Mark Scheifele.
3:18 of 1st period - Shot Misses the Net.
3:26 of 1st period - Shot by David Pastrnak.
3:26 of 1st period - Deflect By Artemi Panarin.
3:26 of 1st period - Stopped by Chris Driedger without a rebound.
3:27 of 1st period - Christian Dvorak wins face-off versus Matt Duchene in REGINA FALCONS zone.
3:27 of 1st period - Christian Dvorak is hit by Mikael Granlund.
4:02 of 1st period - Shot by Matt Duchene.
4:02 of 1st period - Goal by Matt Duchene - REGINA FALCONS : 0 - VICTORIA GLADIATORS : 1.
4:03 of 1st period - Adam Lowry wins face-off versus Anze Kopitar in neutral zone.
4:37 of 1st period - Shot by Jake Evans.
4:37 of 1st period - Stopped by Chris Driedger without a rebound.
4:38 of 1st period - Mark Scheifele wins face-off versus William Eklund in REGINA FALCONS zone.
4:41 of 1st period - Shot by David Pastrnak.
4:41 of 1st period - Shot Misses the Net.
5:06 of 1st period - Shot by Teuvo Teravainen.
5:06 of 1st period - Deflect By William Eklund.
5:06 of 1st period - Shot Misses the Net.
5:12 of 1st period - Shot by Teuvo Teravainen.
5:12 of 1st period - Shot Misses the Net.
5:13 of 1st period - Minor Penalty to Nick Seeler for Hooking.
5:14 of 1st period - Jake Evans wins face-off versus Adam Fantilli in VICTORIA GLADIATORS zone.
5:14 of 1st period - Jake Evans is hit by Alex Iafallo.
5:40 of 1st period - Icing by Torey Krug.
5:41 of 1st period - Adam Lowry wins face-off versus Adam Fantilli in REGINA FALCONS zone.
6:26 of 1st period - Shot by William Eklund.
6:26 of 1st period - Stopped by Jake Oettinger without a rebound.
6:27 of 1st period - Adam Lowry wins face-off versus William Eklund in VICTORIA GLADIATORS zone.
6:58 of 1st period - Shot by Rickard Rakell.
6:58 of 1st period - Goal by Rickard Rakell - REGINA FALCONS : 1 - VICTORIA GLADIATORS : 1.
6:59 of 1st period - Anze Kopitar wins face-off versus Mark Scheifele in neutral zone.
7:20 of 1st period - Shot by David Pastrnak.
7:20 of 1st period - Stopped by Chris Driedger with a rebound.
7:28 of 1st period - Shot by Artemi Panarin.
7:28 of 1st period - Shot Misses the Net.
7:30 of 1st period - Shot by Mark Scheifele.
7:30 of 1st period - Deflect By Artemi Panarin.
7:30 of 1st period - Stopped by Chris Driedger without a rebound.
7:31 of 1st period - Matt Duchene wins face-off versus Adam Fantilli in REGINA FALCONS zone.
8:11 of 1st period - Mikael Granlund is hit by Ryker Evans and loses puck.
8:48 of 1st period - Shot by Mark Scheifele.
8:48 of 1st period - Shot Misses the Net.
8:50 of 1st period - Shot by Jan Rutta.
8:50 of 1st period - Shot Misses the Net.
8:52 of 1st period - Shot by Mark Scheifele.
8:52 of 1st period - Stopped by Chris Driedger without a rebound.
8:53 of 1st period - Anze Kopitar wins face-off versus Adam Lowry in REGINA FALCONS zone.
9:05 of 1st period - Anze Kopitar is hit by Nick Seeler and loses puck.
9:07 of 1st period - Minor Penalty to Nick Seeler for Hooking.
9:08 of 1st period - William Eklund wins face-off versus Adam Lowry in VICTORIA GLADIATORS zone.
9:40 of 1st period - Icing by Torey Krug.
9:41 of 1st period - Adam Lowry wins face-off versus William Eklund in REGINA FALCONS zone.
10:07 of 1st period - Icing by Torey Krug.
10:08 of 1st period - Jimmy Huntington wins face-off versus Jordan Martinook in REGINA FALCONS zone.
10:12 of 1st period - Off-side.
10:13 of 1st period - Adam Lowry wins face-off versus Adam Fantilli in neutral zone.
10:21 of 1st period - Jake Evans is hit by Logan Stanley and loses puck.
10:28 of 1st period - Jan Rutta is hit by Adam Fantilli and loses puck.
11:33 of 1st period - Shot by Mark Scheifele.
11:33 of 1st period - Stopped by Chris Driedger without a rebound.
11:34 of 1st period - William Eklund wins face-off versus Matt Duchene in REGINA FALCONS zone.
11:47 of 1st period - Shot by Rickard Rakell.
11:47 of 1st period - Stopped by Jake Oettinger without a rebound.
11:48 of 1st period - Mark Scheifele wins face-off versus Christian Dvorak in VICTORIA GLADIATORS zone.
11:53 of 1st period - Tanner Pearson is hit by Mark Scheifele and loses puck.
12:19 of 1st period - Tanner Pearson is hit by Cam Fowler and loses puck.
13:44 of 1st period - Icing by Nick Seeler.
13:45 of 1st period - Adam Lowry wins face-off versus Rickard Rakell in VICTORIA GLADIATORS zone.
13:49 of 1st period - Off-side.
13:50 of 1st period - Mark Scheifele wins face-off versus William Eklund in neutral zone.
14:18 of 1st period - Off-side.
14:19 of 1st period - Adam Lowry wins face-off versus Anze Kopitar in neutral zone.
14:40 of 1st period - Ryker Evans is hit by Adam Lowry and loses puck.
14:52 of 1st period - Off-side.
14:53 of 1st period - William Eklund wins face-off versus Conor Garland in neutral zone.
16:11 of 1st period - Shot by David Pastrnak.
16:11 of 1st period - Stopped by Chris Driedger with a rebound.
16:13 of 1st period - Shot by David Pastrnak.
16:13 of 1st period - Shot Misses the Net.
16:33 of 1st period - Icing by Justin Faulk.
16:34 of 1st period - Mark Scheifele wins face-off versus Anze Kopitar in VICTORIA GLADIATORS zone.
16:34 of 1st period - Mark Scheifele is hit by Max Jones.
16:35 of 1st period - Minor Penalty to Max Jones for Elbowing.
16:36 of 1st period - Matt Duchene wins face-off versus Adam Fantilli in REGINA FALCONS zone.
16:42 of 1st period - Shot by Daniel Sprong.
16:42 of 1st period - Stopped by Chris Driedger without a rebound.
16:43 of 1st period - Adam Fantilli wins face-off versus Matt Duchene in REGINA FALCONS zone.
17:07 of 1st period - Shot by Cam Fowler.
17:07 of 1st period - Shot Blocked by Pierre-Olivier Joseph.
17:09 of 1st period - Shot by David Pastrnak.
17:09 of 1st period - Stopped by Chris Driedger without a rebound.
17:10 of 1st period - Mark Scheifele wins face-off versus Adam Fantilli in REGINA FALCONS zone.
18:38 of 1st period - Jake Evans is hit by Ryker Evans and loses puck.
18:52 of 1st period - Jake Evans is hit by Pierre-Olivier Joseph and loses puck.
18:58 of 1st period - Icing by Pierre-Olivier Joseph.
18:59 of 1st period - Anze Kopitar wins face-off versus Mason Appleton in REGINA FALCONS zone.
19:13 of 1st period - Mason Appleton is hit by Pierre-Olivier Joseph and loses puck.
19:19 of 1st period - Minor Penalty to Ryker Evans for Delaying the game.
19:20 of 1st period - Mark Scheifele wins face-off versus Adam Fantilli in REGINA FALCONS zone.
Goals for this period are 1 for REGINA FALCONS vs 1 for VICTORIA GLADIATORS.
Shots for this period are 3 for REGINA FALCONS vs 12 for VICTORIA GLADIATORS.

2nd period


0:01 of 2nd period - Mark Scheifele wins face-off versus Adam Fantilli in neutral zone.
1:00 of 2nd period - Shot by Conor Garland.
1:00 of 2nd period - Shot Misses the Net.
1:02 of 2nd period - Shot by Justin Faulk.
1:02 of 2nd period - Stopped by Chris Driedger with a rebound.
1:04 of 2nd period - Shot by Niko Mikkola.
1:04 of 2nd period - Stopped by Chris Driedger without a rebound.
1:05 of 2nd period - Matt Duchene wins face-off versus Adam Fantilli in REGINA FALCONS zone.
1:06 of 2nd period - Shot by Justin Faulk.
1:06 of 2nd period - Goal by Justin Faulk - REGINA FALCONS : 1 - VICTORIA GLADIATORS : 2.
1:07 of 2nd period - Adam Lowry wins face-off versus William Eklund in neutral zone.
1:59 of 2nd period - Icing by Torey Krug.
2:00 of 2nd period - William Eklund wins face-off versus Matt Duchene in REGINA FALCONS zone.
2:09 of 2nd period - Matt Duchene is hit by Rickard Rakell and loses puck.
2:36 of 2nd period - Shot by Mikael Granlund.
2:36 of 2nd period - Goal by Mikael Granlund - REGINA FALCONS : 1 - VICTORIA GLADIATORS : 3.
2:37 of 2nd period - Mark Scheifele wins face-off versus Anze Kopitar in neutral zone.
2:40 of 2nd period - Shot by David Pastrnak.
2:40 of 2nd period - Shot Misses the Net.
2:42 of 2nd period - Shot by Mark Scheifele.
2:42 of 2nd period - Stopped by Chris Driedger without a rebound.
2:43 of 2nd period - Mark Scheifele wins face-off versus Adam Fantilli in REGINA FALCONS zone.
2:48 of 2nd period - Shot by Artemi Panarin.
2:48 of 2nd period - Shot Misses the Net.
4:03 of 2nd period - Minor Penalty to Max Jones for Hooking.
4:04 of 2nd period - Matt Duchene wins face-off versus Adam Fantilli in REGINA FALCONS zone.
4:13 of 2nd period - Shot by Matt Duchene.
4:13 of 2nd period - Shot Misses the Net.
4:31 of 2nd period - Shot by Cam Fowler.
4:31 of 2nd period - Shot Misses the Net.
4:33 of 2nd period - Shot by Conor Garland.
4:33 of 2nd period - Stopped by Chris Driedger without a rebound.
4:34 of 2nd period - Adam Fantilli wins face-off versus Mark Scheifele in REGINA FALCONS zone.
6:16 of 2nd period - Shot by Adam Lowry.
6:16 of 2nd period - Stopped by Chris Driedger with a rebound.
6:18 of 2nd period - Shot by Adam Lowry.
6:18 of 2nd period - Stopped by Chris Driedger without a rebound.
6:19 of 2nd period - William Eklund wins face-off versus Adam Lowry in REGINA FALCONS zone.
6:33 of 2nd period - Icing by Rickard Rakell.
6:34 of 2nd period - Mark Scheifele wins face-off versus William Eklund in REGINA FALCONS zone.
6:37 of 2nd period - Shot by Artemi Panarin.
6:37 of 2nd period - Stopped by Chris Driedger with a rebound.
6:58 of 2nd period - Teuvo Teravainen is hit by Justin Faulk and loses puck.
7:04 of 2nd period - William Eklund is hit by Justin Faulk and loses puck.
7:24 of 2nd period - Icing by Torey Krug.
7:25 of 2nd period - Matt Duchene wins face-off versus William Eklund in REGINA FALCONS zone.
7:37 of 2nd period - Icing by Teuvo Teravainen.
7:38 of 2nd period - Teuvo Teravainen wins face-off versus Adam Lowry in REGINA FALCONS zone.
7:38 of 2nd period - William Eklund is hit by Adam Lowry and loses puck.
8:05 of 2nd period - Alex Iafallo is hit by Nick Seeler and loses puck.
8:16 of 2nd period - Shot by Adam Lowry.
8:16 of 2nd period - Stopped by Chris Driedger without a rebound.
8:17 of 2nd period - Matt Duchene wins face-off versus Anze Kopitar in REGINA FALCONS zone.
8:36 of 2nd period - Shot by Mikael Granlund.
8:36 of 2nd period - Stopped by Chris Driedger with a rebound.
8:38 of 2nd period - Shot by Mikael Granlund.
8:38 of 2nd period - Shot Blocked by Torey Krug.
9:31 of 2nd period - Shot by Alex Iafallo.
9:31 of 2nd period - Deflect By Leo Carlsson.
9:31 of 2nd period - Stopped by Jake Oettinger without a rebound.
9:32 of 2nd period - Adam Lowry wins face-off versus William Eklund in VICTORIA GLADIATORS zone.
9:36 of 2nd period - Off-side.
9:37 of 2nd period - Adam Lowry wins face-off versus Leo Carlsson in neutral zone.
9:58 of 2nd period - Shot by Alex Iafallo.
9:58 of 2nd period - Shot Misses the Net.
10:00 of 2nd period - Shot by Adam Fantilli.
10:00 of 2nd period - Deflect By Alex Iafallo.
10:00 of 2nd period - Stopped by Jake Oettinger without a rebound.
10:01 of 2nd period - William Eklund wins face-off versus Matt Duchene in VICTORIA GLADIATORS zone.
10:16 of 2nd period - Minor Penalty to Conor Garland for Slashing.
10:16 of 2nd period - Minor Penalty to Logan Stanley for Hooking.
10:17 of 2nd period - Rickard Rakell wins face-off versus David Pastrnak in REGINA FALCONS zone.
10:24 of 2nd period - Icing by Filip Roos.
10:25 of 2nd period - Mark Scheifele wins face-off versus Rickard Rakell in REGINA FALCONS zone.
10:30 of 2nd period - Shot by David Pastrnak.
10:30 of 2nd period - Shot Misses the Net.
10:38 of 2nd period - Shot by Mark Scheifele.
10:38 of 2nd period - Shot Misses the Net.
10:40 of 2nd period - Shot by Nick Seeler.
10:40 of 2nd period - Stopped by Chris Driedger without a rebound.
10:41 of 2nd period - Mark Scheifele wins face-off versus Rickard Rakell in REGINA FALCONS zone.
10:50 of 2nd period - Shot by Torey Krug.
10:50 of 2nd period - Shot Misses the Net.
10:52 of 2nd period - Shot by Rickard Rakell.
10:52 of 2nd period - Stopped by Jake Oettinger without a rebound.
10:53 of 2nd period - Mark Scheifele wins face-off versus Rickard Rakell in VICTORIA GLADIATORS zone.
12:18 of 2nd period - Matt Duchene is hit by Ryker Evans and loses puck.
12:23 of 2nd period - Shot by Jordan Martinook.
12:23 of 2nd period - Shot Hit the Post.
12:25 of 2nd period - Shot by Jake Evans.
12:25 of 2nd period - Stopped by Chris Driedger without a rebound.
12:26 of 2nd period - Mason Appleton wins face-off versus Christian Dvorak in REGINA FALCONS zone.
14:12 of 2nd period - Icing by Justin Faulk.
14:13 of 2nd period - Matt Duchene wins face-off versus Adam Fantilli in VICTORIA GLADIATORS zone.
14:41 of 2nd period - Shot by Adam Fantilli.
14:41 of 2nd period - Shot Misses the Net.
14:43 of 2nd period - Shot by Adam Fantilli.
14:43 of 2nd period - Shot Blocked by Mark Scheifele.
14:45 of 2nd period - Shot by Leo Carlsson.
14:45 of 2nd period - Stopped by Jake Oettinger without a rebound.
14:46 of 2nd period - Adam Lowry wins face-off versus William Eklund in VICTORIA GLADIATORS zone.
14:55 of 2nd period - Shot by Jake Evans.
14:55 of 2nd period - Deflect By Jordan Martinook.
14:55 of 2nd period - Shot Blocked by Torey Krug.
15:13 of 2nd period - Shot by Jordan Martinook.
15:13 of 2nd period - Shot Misses the Net.
15:36 of 2nd period - Icing by Marco Scandella.
15:37 of 2nd period - Mark Scheifele wins face-off versus William Eklund in REGINA FALCONS zone.
15:51 of 2nd period - Shot by Artemi Panarin.
15:51 of 2nd period - Stopped by Chris Driedger with a rebound.
15:53 of 2nd period - Shot by David Pastrnak.
15:53 of 2nd period - Stopped by Chris Driedger without a rebound.
15:54 of 2nd period - Adam Fantilli wins face-off versus Matt Duchene in REGINA FALCONS zone.
16:12 of 2nd period - Ryker Evans is hit by Conor Garland and loses puck.
16:33 of 2nd period - Minor Penalty to Matt Duchene for Hooking.
16:33 of 2nd period - Minor Penalty to Ryker Evans for Holding.
16:34 of 2nd period - Rickard Rakell wins face-off versus David Pastrnak in REGINA FALCONS zone.
16:49 of 2nd period - Shot by Leo Carlsson.
16:49 of 2nd period - Deflect By Rickard Rakell.
16:49 of 2nd period - Shot Misses the Net.
17:20 of 2nd period - Icing by Justin Faulk.
17:21 of 2nd period - Mark Scheifele wins face-off versus Adam Fantilli in VICTORIA GLADIATORS zone.
17:26 of 2nd period - William Eklund is hit by Mark Scheifele and loses puck.
17:52 of 2nd period - Shot by Mikael Granlund.
17:52 of 2nd period - Shot Misses the Net.
17:54 of 2nd period - Shot by Mikael Granlund.
17:54 of 2nd period - Stopped by Chris Driedger with a rebound.
17:56 of 2nd period - Shot by Niko Mikkola.
17:56 of 2nd period - Goal by Niko Mikkola - REGINA FALCONS : 1 - VICTORIA GLADIATORS : 4.
17:57 of 2nd period - Artemi Panarin wins face-off versus Rickard Rakell in neutral zone.
18:16 of 2nd period - Shot by Rickard Rakell.
18:16 of 2nd period - Stopped by Jake Oettinger with a rebound.
18:22 of 2nd period - Shot by Leo Carlsson.
18:22 of 2nd period - Stopped by Jake Oettinger without a rebound.
18:23 of 2nd period - Mark Scheifele wins face-off versus Adam Fantilli in VICTORIA GLADIATORS zone.
18:27 of 2nd period - Off-side.
18:28 of 2nd period - Mark Scheifele wins face-off versus Adam Fantilli in neutral zone.
19:05 of 2nd period - Anze Kopitar is hit by Jordan Martinook and loses puck.
19:19 of 2nd period - Anze Kopitar is hit by Adam Lowry and loses puck.
19:33 of 2nd period - Icing by Jake Evans.
19:34 of 2nd period - William Eklund wins face-off versus Adam Lowry in VICTORIA GLADIATORS zone.
Goals for this period are 0 for REGINA FALCONS vs 3 for VICTORIA GLADIATORS.
Shots for this period are 6 for REGINA FALCONS vs 17 for VICTORIA GLADIATORS.

3rd period


0:01 of 3rd period - Mark Scheifele wins face-off versus Adam Fantilli in neutral zone.
0:04 of 3rd period - Shot by David Pastrnak.
0:04 of 3rd period - Deflect By Artemi Panarin.
0:04 of 3rd period - Shot Misses the Net.
0:06 of 3rd period - Shot by Justin Faulk.
0:06 of 3rd period - Shot Misses the Net.
0:08 of 3rd period - Shot by Justin Faulk.
0:08 of 3rd period - Stopped by Chris Driedger without a rebound.
0:09 of 3rd period - Mark Scheifele wins face-off versus William Eklund in REGINA FALCONS zone.
0:57 of 3rd period - Icing by Justin Faulk.
0:58 of 3rd period - Adam Fantilli wins face-off versus David Pastrnak in VICTORIA GLADIATORS zone.
1:39 of 3rd period - Jan Rutta is hit by Alex Iafallo and loses puck.
2:31 of 3rd period - Shot by Adam Lowry.
2:31 of 3rd period - Shot Misses the Net.
2:43 of 3rd period - Shot by Rickard Rakell.
2:43 of 3rd period - Goal by Rickard Rakell - REGINA FALCONS : 2 - VICTORIA GLADIATORS : 4.
2:44 of 3rd period - Anze Kopitar wins face-off versus Mark Scheifele in neutral zone.
3:03 of 3rd period - Off-side.
3:04 of 3rd period - Mason Appleton wins face-off versus William Eklund in neutral zone.
3:31 of 3rd period - Shot by Rickard Rakell.
3:31 of 3rd period - Deflect By William Eklund.
3:31 of 3rd period - Stopped by Jake Oettinger without a rebound.
3:32 of 3rd period - Anze Kopitar wins face-off versus Mark Scheifele in VICTORIA GLADIATORS zone.
3:37 of 3rd period - Shot by Max Jones.
3:37 of 3rd period - Shot Blocked by Justin Faulk.
3:55 of 3rd period - Shot by Anze Kopitar.
3:55 of 3rd period - Stopped by Jake Oettinger without a rebound.
3:56 of 3rd period - Matt Duchene wins face-off versus Adam Fantilli in VICTORIA GLADIATORS zone.
3:56 of 3rd period - Matt Duchene is hit by Adam Fantilli.
4:17 of 3rd period - Minor Penalty to Nick Seeler for Tripping.
4:18 of 3rd period - Adam Lowry wins face-off versus William Eklund in VICTORIA GLADIATORS zone.
4:29 of 3rd period - Brandon Carlo is hit by Jimmy Huntington and loses puck.
4:45 of 3rd period - Icing by Rickard Rakell.
4:46 of 3rd period - Adam Lowry wins face-off versus William Eklund in REGINA FALCONS zone.
5:40 of 3rd period - Icing by Adam Fantilli.
5:41 of 3rd period - Adam Fantilli wins face-off versus Mason Appleton in REGINA FALCONS zone.
5:57 of 3rd period - Alex Iafallo is hit by Brandon Carlo and loses puck.
6:36 of 3rd period - Shot by Mark Scheifele.
6:36 of 3rd period - Stopped by Chris Driedger without a rebound.
6:37 of 3rd period - Matt Duchene wins face-off versus William Eklund in REGINA FALCONS zone.
7:26 of 3rd period - Brandon Carlo is hit by Rickard Rakell and loses puck.
8:49 of 3rd period - Icing by Alex Iafallo.
8:50 of 3rd period - Adam Lowry wins face-off versus Adam Fantilli in REGINA FALCONS zone.
8:54 of 3rd period - Icing by Pierre-Olivier Joseph.
8:55 of 3rd period - Adam Lowry wins face-off versus Adam Fantilli in REGINA FALCONS zone.
9:35 of 3rd period - Jake Evans is hit by Pierre-Olivier Joseph and loses puck.
10:21 of 3rd period - Shot by Matt Duchene.
10:21 of 3rd period - Stopped by Chris Driedger without a rebound.
10:22 of 3rd period - William Eklund wins face-off versus Mark Scheifele in REGINA FALCONS zone.
10:29 of 3rd period - Mark Scheifele is hit by Rickard Rakell and loses puck.
11:39 of 3rd period - Shot by Matt Duchene.
11:39 of 3rd period - Stopped by Chris Driedger without a rebound.
11:40 of 3rd period - Adam Lowry wins face-off versus Anze Kopitar in REGINA FALCONS zone.
11:53 of 3rd period - Shot by Jake Evans.
11:53 of 3rd period - Stopped by Chris Driedger with a rebound.
12:31 of 3rd period - Torey Krug is hit by Conor Garland and loses puck.
13:38 of 3rd period - Shot by David Pastrnak.
13:38 of 3rd period - Stopped by Chris Driedger without a rebound.
13:39 of 3rd period - Christian Dvorak wins face-off versus Mason Appleton in REGINA FALCONS zone.
13:39 of 3rd period - Tanner Pearson is hit by Cole Smith and loses puck.
14:07 of 3rd period - Cole Smith is hit by Ryker Evans.
14:15 of 3rd period - Shot by Cole Smith.
14:15 of 3rd period - Stopped by Chris Driedger without a rebound.
14:16 of 3rd period - Mark Scheifele wins face-off versus William Eklund in REGINA FALCONS zone.
14:23 of 3rd period - Shot by Artemi Panarin.
14:23 of 3rd period - Shot Misses the Net.
14:36 of 3rd period - Off-side.
14:37 of 3rd period - Adam Fantilli wins face-off versus Matt Duchene in neutral zone.
14:46 of 3rd period - Shot by Adam Fantilli.
14:46 of 3rd period - Stopped by Jake Oettinger with a rebound.
14:54 of 3rd period - Shot by Leo Carlsson.
14:54 of 3rd period - Stopped by Jake Oettinger without a rebound.
14:55 of 3rd period - Mark Scheifele wins face-off versus William Eklund in VICTORIA GLADIATORS zone.
15:16 of 3rd period - Shot by Rickard Rakell.
15:16 of 3rd period - Shot Blocked by Justin Faulk.
15:30 of 3rd period - Shot by Mark Scheifele.
15:30 of 3rd period - Shot Blocked by Pierre-Olivier Joseph.
15:32 of 3rd period - Shot by Artemi Panarin.
15:32 of 3rd period - Shot Misses the Net.
15:42 of 3rd period - Shot by Mark Scheifele.
15:42 of 3rd period - Stopped by Chris Driedger with a rebound.
15:44 of 3rd period - Shot by Cam Fowler.
15:44 of 3rd period - Stopped by Chris Driedger without a rebound.
15:45 of 3rd period - Conor Garland wins face-off versus Adam Fantilli in REGINA FALCONS zone.
16:07 of 3rd period - Icing by Logan Stanley.
16:08 of 3rd period - Adam Lowry wins face-off versus Adam Fantilli in REGINA FALCONS zone.
16:27 of 3rd period - Shot by Adam Lowry.
16:27 of 3rd period - Shot Misses the Net.
16:43 of 3rd period - Jake Evans is hit by Adam Fantilli and loses puck.
16:57 of 3rd period - Icing by Jordan Martinook.
16:58 of 3rd period - Adam Lowry wins face-off versus Rickard Rakell in VICTORIA GLADIATORS zone.
17:03 of 3rd period - Teuvo Teravainen is hit by Jordan Martinook and loses puck.
17:27 of 3rd period - Off-side.
17:28 of 3rd period - Mark Scheifele wins face-off versus Anze Kopitar in neutral zone.
17:39 of 3rd period - Shot by Mark Scheifele.
17:39 of 3rd period - Stopped by Chris Driedger without a rebound.
17:40 of 3rd period - Christian Dvorak wins face-off versus Matt Duchene in REGINA FALCONS zone.
17:40 of 3rd period - Tanner Pearson is hit by Matt Duchene and loses puck.
18:39 of 3rd period - David Pastrnak is hit by Leo Carlsson and loses puck.
19:08 of 3rd period - Shot by David Pastrnak.
19:08 of 3rd period - Stopped by Chris Driedger without a rebound.
19:09 of 3rd period - William Eklund wins face-off versus Jordan Martinook in REGINA FALCONS zone.
19:14 of 3rd period - Shot by William Eklund.
19:14 of 3rd period - Stopped by Jake Oettinger without a rebound.
19:15 of 3rd period - Adam Lowry wins face-off versus William Eklund in VICTORIA GLADIATORS zone.
19:38 of 3rd period - Off-side.
19:39 of 3rd period - Jakub Vrana wins face-off versus David Pastrnak in neutral zone.
19:53 of 3rd period - Artemi Panarin is hit by Max Jones.
19:55 of 3rd period - Shot by David Pastrnak.
19:55 of 3rd period - Shot Blocked by Anze Kopitar.
Goals for this period are 1 for REGINA FALCONS vs 0 for VICTORIA GLADIATORS.
Shots for this period are 6 for REGINA FALCONS vs 11 for VICTORIA GLADIATORS.


MATTHEW
TKACHUK
TOM
WILSON
JAKE
GUENTZEL